General information
- name: BNet
- type: Ladder team game (AT/RT)
- host: Battle.net
- saver: HeroHunter.
map: Battleground
- players: 8
- length: 36:53
- speed: Fast
- version: 1.26 W3XP
- replay type: Public
» download(241 KB)
Players
team 1 (winner)

»
mycomputersucks (
green | 69 APM | 2529 actions | 36:53)
5 Death Knight
3 Death Coil
2 Unholy Aura
2 Lich
1 Frost Nova
1 Frost Armor
» actions
| Assign group hotkey | 38 | |
| Basic commands | 84 | |
| Build / train | 52 | |
| Enter build submenu | 13 | |
| Enter hero's abilities submenu | 7 | |
| Give item / drop item | 4 | |
| Right click | 1165 | |
| Select / deselect | 394 | |
| Select group hotkey | 709 | |
| Use ability | 63 | |
2529 total
» units
| Acolyte | 4 | |
| Ghoul | 2 | |
| Crypt Fiend | 12 | |
| Obsidian Statue | 3 | |
21 total
» upgrades
| Creature Attack | 2 | |
| Web | 1 | |
| Creature Carapace | 1 | |
4 total
» buildings
| Crypt | 1 | |
| Graveyard | 1 | |
| Ziggurat | 5 | |
| Altar of Darkness | 2 | |
| Nerubian Tower | 1 | |
| Tomb of Relics | 1 | |
| Halls of the Dead | 2 | |
| Spirit Tower | 1 | |
| Slaughterhouse | 1 | |
| Black Citadel | 1 | |
16 total
» build order
00:18 Crypt
00:26 Graveyard
00:41 Ziggurat
01:05 Altar of Darkness
01:07 Altar of Darkness
01:40 Nerubian Tower
01:44 Ziggurat
02:02 Tomb of Relics
04:03 Halls of the Dead
04:42 Ziggurat
06:07 Ziggurat
06:10 Ziggurat
06:13 Spirit Tower
07:03 Slaughterhouse
08:36 Black Citadel
» items
| Rod of Necromancy | 2 | |
| Scroll of Town Portal | 3 | |
| Potion of Lesser Invulnerability | 1 | |
| Orb of Corruption | 1 | |
7 total
Katana117 (
orange | 37 APM | 975 actions | 26:28)
5 Blademaster
3 Wind Walk
2 Critical Strike
» actions
| Assign group hotkey | 21 | |
| Build / train | 51 | |
| Enter build submenu | 15 | |
| Enter hero's abilities submenu | 6 | |
| Remove unit from queue | 2 | |
| Right click | 287 | |
| Select / deselect | 274 | |
| Select group hotkey | 299 | |
| Use ability | 20 | |
975 total
» units
| Peon | 6 | |
| Grunt | 15 | |
| Troll Headhunter/Berserker | 3 | |
| Ogre Mauler | 1 | |
| Mud Golem | 1 | |
| Shaman | 2 | |
| Tauren | 2 | |
30 total
» upgrades
| Melee Weapons | 3 | |
| Armor | 2 | |
| Berserker Strength | 1 | |
| Troll Regeneration | 1 | |
| Shaman Training | 2 | |
| Pillage | 1 | |
| Berserker Upgrade | 1 | |
11 total
» buildings
| Orc Burrow | 7 | |
| Altar of Storms | 1 | |
| Barracks | 1 | |
| War Mill | 1 | |
| Stronghold | 1 | |
| Fortress | 1 | |
| Voodoo Lounge | 1 | |
| Spirit Lodge | 1 | |
| Tauren Totem | 1 | |
15 total
» build order
00:34 Orc Burrow
00:46 Altar of Storms
00:51 Barracks
01:59 Orc Burrow
02:03 Orc Burrow
02:57 Orc Burrow
03:08 War Mill
06:59 Stronghold
08:37 Orc Burrow
10:05 Fortress
10:42 Orc Burrow
11:41 Voodoo Lounge
11:55 Spirit Lodge
16:10 Tauren Totem
18:54 Orc Burrow
HeroHunter. (
pink | 116 APM | 4273 actions | 36:53)
10 Mountain King
3 Storm Bolt
3 Thunder Clap
1 Avatar
3 Bash
» actions
| Assign group hotkey | 53 | |
| Basic commands | 317 | |
| Build / train | 144 | |
| ESC pressed | 6 | |
| Enter build submenu | 49 | |
| Enter hero's abilities submenu | 10 | |
| Give item / drop item | 8 | |
| Right click | 1883 | |
| Select / deselect | 337 | |
| Select group hotkey | 1199 | |
| Use ability | 267 | |
4273 total
» units
| Peasant | 15 | |
| Footman | 3 | |
| Rifleman | 12 | |
30 total
» upgrades
| Gunpowder | 3 | |
| Armor | 3 | |
| Lumber Harvesting | 2 | |
| Long Rifles | 1 | |
| Masonry | 3 | |
| Swords | 3 | |
| Plating | 3 | |
| Animal War Training | 1 | |
| Defend | 1 | |
20 total
» buildings
| Altar of Kings | 1 | |
| Barracks | 9 | |
| Farm | 10 | |
| Arcane Vault | 2 | |
| Scout Tower | 16 | |
| Blacksmith | 2 | |
| Arcane Tower | 7 | |
| Keep | 2 | |
| Lumber Mill | 2 | |
| Town Hall | 2 | |
| Guard Tower | 28 | |
| Castle | 3 | |
84 total
» build order
01:20 Altar of Kings
01:22 Barracks
01:24 Farm
01:26 Farm
01:40 Farm
02:05 Arcane Vault
02:21 Scout Tower
02:42 Blacksmith
02:46 Blacksmith
02:54 Farm
03:04 Arcane Tower
03:05 Arcane Tower
03:41 Farm
04:32 Keep
06:27 Scout Tower
06:46 Farm
06:59 Lumber Mill
08:16 Town Hall
08:19 Scout Tower
08:20 Scout Tower
08:21 Scout Tower
08:21 Scout Tower
08:23 Scout Tower
08:24 Scout Tower
08:24 Scout Tower
08:49 Guard Tower
08:49 Guard Tower
08:50 Guard Tower
08:50 Guard Tower
08:53 Guard Tower
08:54 Guard Tower
08:54 Guard Tower
08:56 Guard Tower
08:57 Guard Tower
09:12 Scout Tower
10:02 Guard Tower
10:02 Guard Tower
10:32 Arcane Vault
11:09 Scout Tower
11:13 Scout Tower
11:34 Guard Tower
11:53 Arcane Tower
11:53 Arcane Tower
11:53 Arcane Tower
11:54 Guard Tower
11:54 Guard Tower
12:02 Farm
12:04 Farm
12:07 Farm
12:10 Farm
12:26 Scout Tower
13:21 Guard Tower
13:38 Castle
13:39 Castle
13:57 Scout Tower
14:00 Scout Tower
14:31 Guard Tower
14:32 Guard Tower
14:32 Guard Tower
14:32 Guard Tower
18:19 Lumber Mill
19:29 Barracks
19:30 Barracks
19:31 Barracks
26:14 Barracks
26:15 Barracks
26:16 Barracks
26:18 Barracks
26:20 Barracks
27:59 Town Hall
34:05 Scout Tower
» items
| Scroll of Regeneration | 9 | |
| Lesser Clarity Potion | 6 | |
| Boots of Speed | 1 | |
| Potion of Mana | 4 | |
| Scroll of Town Portal | 2 | |
| Potion of Healing | 1 | |
23 total

»
MINNESOTAWILD (
red | 39 APM | 1067 actions | 27:05)
7 Far Seer
3 Feral Spirit
2 Chain Lighting
2 Earth Quake
» actions
| Assign group hotkey | 8 | |
| Build / train | 69 | |
| Enter build submenu | 17 | |
| Enter hero's abilities submenu | 6 | |
| Right click | 581 | |
| Select / deselect | 282 | |
| Select group hotkey | 12 | |
| Use ability | 92 | |
1067 total
» units
| Peon | 10 | |
| Grunt | 8 | |
| Kodo Beast | 1 | |
| Troll Batrider | 31 | |
| Demolisher | 1 | |
51 total
» upgrades
» buildings
| Altar of Storms | 1 | |
| Orc Burrow | 7 | |
| Barracks | 1 | |
| Voodoo Lounge | 1 | |
| Stronghold | 1 | |
| War Mill | 2 | |
| Fortress | 1 | |
| Beastiary | 2 | |
| Watch Tower | 1 | |
| Spirit Lodge | 1 | |
18 total
» build order
00:24 Altar of Storms
00:39 Orc Burrow
00:54 Barracks
01:39 Orc Burrow
02:01 Voodoo Lounge
05:18 Stronghold
05:21 War Mill
05:23 Orc Burrow
06:44 War Mill
06:48 Orc Burrow
07:34 Orc Burrow
07:41 Fortress
07:45 Beastiary
07:50 Beastiary
09:08 Watch Tower
09:50 Orc Burrow
10:49 Orc Burrow
11:43 Spirit Lodge
» items
| Healing Salve | 2 | |
| Scroll of Speed | 2 | |
| Lesser Clarity Potion | 2 | |
6 total
team 2 (loser)

»
N1GGAYOUGAY (
purple | 49 APM | 1095 actions | 22:27)
3 Death Knight
2 Death Coil
1 Unholy Aura
3 Lich
2 Frost Nova
1 Dark Ritual
» actions
| Basic commands | 4 | |
| Build / train | 51 | |
| Enter build submenu | 31 | |
| Enter hero's abilities submenu | 6 | |
| Give item / drop item | 2 | |
| Remove unit from queue | 5 | |
| Right click | 540 | |
| Select / deselect | 369 | |
| Use ability | 87 | |
1095 total
» units
| Acolyte | 10 | |
| Ghoul | 4 | |
| Crypt Fiend | 8 | |
| Obsidian Statue | 3 | |
| Forest Troll Shadow Priest | 1 | |
26 total
» upgrades
| Web | 1 | |
| Creature Attack | 2 | |
| Creature Carapace | 2 | |
| Destroyer Form | 1 | |
6 total
» buildings
| Ziggurat | 10 | |
| Altar of Darkness | 1 | |
| Crypt | 1 | |
| Tomb of Relics | 1 | |
| Graveyard | 1 | |
| Nerubian Tower | 1 | |
| Halls of the Dead | 1 | |
| Slaughterhouse | 1 | |
| Black Citadel | 1 | |
| Sacrificial Pit | 1 | |
| Spirit Tower | 1 | |
| Boneyard | 4 | |
| Necropolis | 1 | |
25 total
» build order
00:19 Ziggurat
00:31 Altar of Darkness
00:53 Crypt
01:14 Tomb of Relics
01:26 Graveyard
01:38 Nerubian Tower
02:25 Ziggurat
03:22 Halls of the Dead
04:01 Ziggurat
05:43 Ziggurat
06:48 Ziggurat
08:26 Slaughterhouse
08:35 Ziggurat
08:54 Ziggurat
09:45 Black Citadel
12:05 Sacrificial Pit
12:07 Spirit Tower
12:11 Ziggurat
16:44 Boneyard
16:49 Boneyard
16:52 Boneyard
16:54 Boneyard
17:03 Ziggurat
17:05 Ziggurat
21:49 Necropolis
» items
| Rod of Necromancy | 2 | |
| Scroll of Town Portal | 1 | |
| Potion of Healing | 2 | |
| Sacrificial Skull | 1 | |
6 total

»
b00f_it (
teal | 33 APM | 930 actions | 28:02)
3 Blademaster
1 Wind Walk
1 Mirror Image
1 Critical Strike
» actions
| Assign group hotkey | 36 | |
| Build / train | 69 | |
| Enter build submenu | 19 | |
| Enter hero's abilities submenu | 3 | |
| Right click | 325 | |
| Select / deselect | 376 | |
| Select group hotkey | 25 | |
| Use ability | 77 | |
930 total
» units
| Peon | 13 | |
| Grunt | 4 | |
| Shaman | 17 | |
| Tauren | 6 | |
40 total
» upgrades
| Melee Weapons | 2 | |
| Pillage | 1 | |
| Armor | 2 | |
| Berserker Strength | 1 | |
| Spiked Barricades | 1 | |
| Shaman Training | 2 | |
| Reinforced Defenses | 1 | |
10 total
» buildings
| Altar of Storms | 1 | |
| Orc Burrow | 5 | |
| Barracks | 1 | |
| Voodoo Lounge | 1 | |
| War Mill | 2 | |
| Stronghold | 1 | |
| Watch Tower | 4 | |
| Spirit Lodge | 2 | |
| Fortress | 1 | |
| Tauren Totem | 1 | |
19 total
» build order
00:07 Altar of Storms
00:11 Orc Burrow
01:01 Barracks
01:31 Voodoo Lounge
01:54 Orc Burrow
02:18 War Mill
04:03 Stronghold
04:32 Watch Tower
04:40 Watch Tower
05:37 Orc Burrow
05:52 Orc Burrow
06:54 Spirit Lodge
07:29 Fortress
08:02 Watch Tower
08:29 Spirit Lodge
09:16 Watch Tower
09:57 Tauren Totem
18:09 Orc Burrow
26:30 War Mill
» items
| Healing Salve | 1 | |
| Lesser Clarity Potion | 4 | |
| Scroll of Speed | 1 | |
| Scroll of Town Portal | 2 | |
| Orb of Fire | 2 | |
| Orb of Corruption | 1 | |
| Potion of Mana | 1 | |
| Potion of Healing | 1 | |
13 total
TheWildHunt (
yellow | 54 APM | 2005 actions | 36:53)
8 Mountain King
3 Storm Bolt
3 Bash
1 Avatar
1 Thunder Clap
» actions
| Assign group hotkey | 32 | |
| Basic commands | 50 | |
| Build / train | 78 | |
| Enter build submenu | 63 | |
| Enter hero's abilities submenu | 8 | |
| Give item / drop item | 7 | |
| Right click | 1099 | |
| Select / deselect | 366 | |
| Select group hotkey | 179 | |
| Use ability | 123 | |
2005 total
» units
| Peasant | 12 | |
| Footman | 4 | |
| Gryphon Rider | 8 | |
24 total
» upgrades
| Lumber Harvesting | 2 | |
| Swords | 3 | |
| Armor | 3 | |
| Masonry | 2 | |
| Storm Hammers | 1 | |
| Animal War Training | 1 | |
| Cloud | 1 | |
13 total
» buildings
| Altar of Kings | 1 | |
| Barracks | 1 | |
| Farm | 9 | |
| Scout Tower | 43 | |
| Arcane Tower | 1 | |
| Keep | 1 | |
| Arcane Vault | 2 | |
| Lumber Mill | 1 | |
| Castle | 1 | |
| Gryphon Aviary | 3 | |
| Guard Tower | 12 | |
| Blacksmith | 2 | |
| Town Hall | 2 | |
79 total
» build order
00:52 Altar of Kings
00:54 Barracks
00:59 Farm
01:05 Farm
01:22 Scout Tower
01:54 Farm
01:57 Farm
02:07 Farm
02:11 Arcane Tower
02:36 Farm
03:30 Keep
03:43 Arcane Vault
03:46 Arcane Vault
04:29 Lumber Mill
06:50 Scout Tower
06:53 Scout Tower
06:55 Scout Tower
06:57 Scout Tower
07:04 Scout Tower
07:05 Scout Tower
07:08 Scout Tower
07:11 Castle
07:46 Scout Tower
07:47 Scout Tower
07:48 Scout Tower
07:51 Scout Tower
07:54 Scout Tower
07:56 Scout Tower
08:00 Scout Tower
08:15 Gryphon Aviary
08:17 Gryphon Aviary
08:19 Gryphon Aviary
08:23 Guard Tower
08:23 Guard Tower
08:28 Guard Tower
08:30 Guard Tower
09:51 Scout Tower
09:51 Scout Tower
09:52 Scout Tower
10:06 Blacksmith
10:09 Blacksmith
10:23 Guard Tower
11:06 Farm
11:07 Farm
11:09 Farm
11:52 Town Hall
11:58 Scout Tower
12:01 Scout Tower
12:02 Scout Tower
12:04 Scout Tower
12:08 Scout Tower
12:10 Scout Tower
12:13 Scout Tower
12:14 Scout Tower
12:16 Scout Tower
12:16 Scout Tower
13:10 Guard Tower
13:26 Guard Tower
14:38 Guard Tower
15:04 Scout Tower
15:06 Scout Tower
15:08 Scout Tower
15:10 Scout Tower
15:54 Guard Tower
25:40 Town Hall
25:42 Scout Tower
25:42 Scout Tower
25:43 Scout Tower
25:43 Scout Tower
26:03 Scout Tower
26:03 Scout Tower
26:21 Guard Tower
26:39 Guard Tower
26:40 Scout Tower
26:44 Scout Tower
26:47 Scout Tower
26:49 Scout Tower
27:38 Guard Tower
» items
| Lesser Clarity Potion | 2 | |
| Periapt of Vitality | 2 | |
| Boots of Speed | 1 | |
| Scroll of Town Portal | 6 | |
| Staff of Sanctuary | 1 | |
| Scroll of Regeneration | 2 | |
| Potion of Invisibility | 1 | |
| Staff of Teleportation | 1 | |
| Potion of Mana | 1 | |
17 total
RG3-DONE-4-YEAR (
blue | 61 APM | 2254 actions | 36:53)
7 Mountain King
3 Storm Bolt
3 Bash
1 Avatar
1 Pandaren Brewmaster
1 Breath of Fire
1 Dark Ranger
1 Silence
» actions
| Assign group hotkey | 65 | |
| Basic commands | 35 | |
| Build / train | 87 | |
| Enter build submenu | 19 | |
| Enter hero's abilities submenu | 9 | |
| Give item / drop item | 4 | |
| Remove unit from queue | 1 | |
| Right click | 992 | |
| Select / deselect | 289 | |
| Select group hotkey | 636 | |
| Use ability | 117 | |
2254 total
» units
| Peasant | 9 | |
| Footman | 5 | |
| Gryphon Rider | 12 | |
26 total
» upgrades
| Masonry | 3 | |
| Lumber Harvesting | 1 | |
| Defend | 1 | |
| Swords | 3 | |
| Storm Hammers | 1 | |
| Animal War Training | 1 | |
| Armor | 3 | |
| Sorceress Training | 2 | |
15 total
» buildings
| Altar of Kings | 1 | |
| Barracks | 1 | |
| Farm | 9 | |
| Scout Tower | 11 | |
| Arcane Tower | 2 | |
| Arcane Vault | 2 | |
| Keep | 1 | |
| Lumber Mill | 1 | |
| Guard Tower | 5 | |
| Gryphon Aviary | 2 | |
| Castle | 1 | |
| Blacksmith | 1 | |
| Arcane Sanctum | 1 | |
| Town Hall | 1 | |
39 total
» build order
00:10 Altar of Kings
00:22 Barracks
00:36 Farm
00:55 Farm
01:30 Scout Tower
01:41 Farm
02:08 Arcane Tower
02:17 Arcane Vault
02:38 Scout Tower
03:28 Keep
03:56 Arcane Tower
03:59 Lumber Mill
04:04 Farm
04:44 Scout Tower
04:44 Scout Tower
05:21 Guard Tower
05:37 Guard Tower
05:56 Gryphon Aviary
05:57 Gryphon Aviary
06:01 Castle
07:06 Farm
07:07 Farm
07:07 Farm
07:08 Farm
07:09 Farm
08:05 Blacksmith
17:52 Arcane Sanctum
20:05 Scout Tower
20:06 Scout Tower
20:07 Scout Tower
20:07 Scout Tower
20:56 Guard Tower
21:20 Guard Tower
21:26 Scout Tower
21:27 Scout Tower
21:27 Scout Tower
22:19 Guard Tower
23:55 Town Hall
34:35 Arcane Vault
» items
| Scroll of Regeneration | 4 | |
| Lesser Clarity Potion | 3 | |
| Staff of Teleportation | 1 | |
| Potion of Mana | 3 | |
| Potion of Lesser Invulnerability | 3 | |
| Scroll of Healing | 1 | |
| Scroll of Town Portal | 2 | |
| Potion of Healing | 3 | |
| Potion of Invisibility | 1 | |
| Orb of Fire | 1 | |
| Ivory Tower | 1 | |
23 total
Chat log
(00:07 / Allies) mycomputersucks: dumba55
(00:19 / All) RG3-DONE-4-YEAR: bad map is bad
(00:23 / All) HeroHunter.: This map is great
(01:12 / All) RG3-DONE-4-YEAR: aka?
(01:20 / Allies) Katana117: sjut the fuck
(01:30 / Allies) mycomputersucks: he didnt read that
(02:26 / Allies) mycomputersucks: mikku koivu the man
(02:31 / Allies) mycomputersucks: old man power
(02:38 / Allies) MINNESOTAWILD: old man power right
(02:48 / Allies) Katana117: saku
(03:01 / Allies) mycomputersucks: boring games to watch with the wild tho
(03:06 / Allies) mycomputersucks: but at least they put up some Ws
(03:11 / Allies) mycomputersucks: unlike my shitty jets
(03:52 / Allies) mycomputersucks: did he just waste a t
(03:58 / Allies) MINNESOTAWILD: yep
(04:21 / All) MINNESOTAWILD: lol
(04:26 / All) N1GGAYOUGAY: lol wtf
(04:26 / All) N1GGAYOUGAY: mh
(04:29 / All) mycomputersucks: no
(04:30 / All) MINNESOTAWILD: no
(04:32 / All) mycomputersucks: koivu
(04:34 / All) N1GGAYOUGAY: how u know
(04:51 / All) MINNESOTAWILD: i saw you before you were coming from my base you were coming from that direction
(04:59 / All) N1GGAYOUGAY: smaart
(05:17 / All) N1GGAYOUGAY: not really i hate u
(05:26 / All) MINNESOTAWILD: why
(05:32 / All) N1GGAYOUGAY: kill my dk ):
(05:35 / All) MINNESOTAWILD: itd only a tp waste an a hero kill
(05:52 / All) RG3-DONE-4-YEAR: break it up gentlemen
(06:51 / Allies) mycomputersucks: hero wanna come with me
(06:57 / Allies) mycomputersucks: this hu has a few low hp foots
(08:12 / Allies) HeroHunter.: that's my creep camp bitch
(08:36 / Allies) HeroHunter.: I'm taking the items in the next one for you stealing my XP
(08:47 / Allies) Katana117: thought u got it
(08:47 / Allies) HeroHunter.: let's go
(08:50 / Allies) Katana117: k
(09:05 / Allies) Katana117: beeen a whlle flr me on this ga,e
(09:25 / All) TheWildHunt: mhing piece of shit
(09:57 / Allies) HeroHunter.: woot +4 strength for strength hero
(10:21 / Allies) mycomputersucks: wat
(10:27 / All) TheWildHunt: LOL
(10:28 / Allies) mycomputersucks: why u let hi mcreep
(10:30 / All) mycomputersucks: lol
(10:30 / All) TheWildHunt: FUCKING OBVIOUS
(11:15 / Allies) mycomputersucks: im about to takeit up the ass here
(11:17 / Allies) mycomputersucks: so pls tp
(12:07 / Allies) mycomputersucks: whered those cunt muslces go
(12:54 / Allies) mycomputersucks: fuck off
(13:30 / Allies) mycomputersucks: come b
(14:15 / All) TheWildHunt: green went right for it
(14:33 / Allies) mycomputersucks: lkik
(15:34 / Allies) mycomputersucks: 570 mana on mk lol
(15:42 / All) N1GGAYOUGAY: lol damn ur good
(15:45 / All) N1GGAYOUGAY: u can target heros
(15:49 / All) HeroHunter.: Thanks
(15:52 / All) HeroHunter.: I am
(16:13 / Allies) MINNESOTAWILD: t minis 10 sec
(16:19 / All) HeroHunter.: 570 mana MK
(16:20 / Allies) mycomputersucks: fucks sake
(16:24 / All) TheWildHunt: RUN MAPHACKER
(16:27 / All) TheWildHunt: JOLLY GOOD SHOW
(16:29 / All) N1GGAYOUGAY: ur so pro
(16:45 / All) HeroHunter.: I sure seem to be pro enough to dominate you
(16:54 / All) HeroHunter.: Though dominating you may not be much of a feat
(16:58 / All) HeroHunter.: You suck ass
(17:20 / All) TheWildHunt: I couldn't do much creeping this game
(18:07 / Allies) mycomputersucks: kwell i dont got a base
(18:19 / Allies) mycomputersucks: at least we got rifles and a lvl 6 mk
(18:25 / Allies) HeroHunter.: Agreed
(18:37 / Allies) mycomputersucks: want another pendant of energy?
(18:39 / Allies) HeroHunter.: sure
(18:45 / Allies) MINNESOTAWILD: pink give me gold
(18:55 / Allies) mycomputersucks: can u ge ta leats 50 food
(18:59 / Allies) HeroHunter.: ty
(19:06 / All) HeroHunter.: 750 mana
(19:11 / All) HeroHunter.: thanks to green's pendant
(19:17 / Allies) mycomputersucks: can u get 50 food tho
(19:22 / Allies) HeroHunter.: I got that
(19:22 / Allies) mycomputersucks: u rich as fukk u jew
(19:36 / Allies) mycomputersucks: we not gonna win with t1
(19:36 / All) N1GGAYOUGAY: oooo
(19:39 / All) N1GGAYOUGAY: his pendent
(19:55 / All) HeroHunter.: lol
(20:47 / Allies) mycomputersucks: more t1
(20:51 / Allies) mycomputersucks: u have 6700 g u jew
(20:55 / All) HeroHunter.: lol
(21:05 / All) N1GGAYOUGAY: theyre bad ):
(21:09 / Allies) mycomputersucks: in case u didnt notice
(21:11 / Allies) mycomputersucks: we lost a base
(21:12 / Allies) mycomputersucks: another one
(21:27 / All) N1GGAYOUGAY: didnt even notice my hero was gone i really dont give a fuck
(22:25 / Allies) mycomputersucks: this is driving me nuts
(22:28 / Allies) mycomputersucks: how u wont spend money
(22:43 / Allies) mycomputersucks: lol
(22:45 / All) HeroHunter.: fucking orange
(22:49 / All) HeroHunter.: tauren in the way lawl
(22:50 / Allies) MINNESOTAWILD: lol
(22:50 / All) HeroHunter.: that was close
(22:55 / Allies) mycomputersucks: im gona tk u i think
(23:07 / Allies) mycomputersucks: unless i see u break 50
(23:08 / Allies) HeroHunter.: You couldn't if you wanted to
(23:18 / All) TheWildHunt: bats takes a lot of skill huh red
(23:27 / All) MINNESOTAWILD: it worked
(23:32 / All) mycomputersucks: lol
(23:35 / All) TheWildHunt: only because you can't target them close
(23:43 / All) MINNESOTAWILD: you mad?
(23:49 / All) TheWildHunt: NICE HERO
(23:52 / All) TheWildHunt: JOLLY GOOD!
(23:53 / All) MINNESOTAWILD: so?
(24:14 / Allies) HeroHunter.: told you
(24:23 / All) HeroHunter.: I wish I had more heroes to kill
(24:25 / All) HeroHunter.: 765 mana
(24:31 / Allies) mycomputersucks: i was just going to protect ur expo too u jew
(24:33 / All) RG3-DONE-4-YEAR: plug pulla
(24:36 / All) MINNESOTAWILD: i think pink needs more gold he only has 9k
(24:55 / All) HeroHunter.: Thanks
(24:58 / All) HeroHunter.: another 1700 to my coffers
(25:44 / Allies) MINNESOTAWILD: pink wtf start expoing!
(26:36 / All) TheWildHunt: FOR KHAZ MODAN
(27:11 / All) mycomputersucks: Lol
(28:05 / All) TheWildHunt: Hope I don't get situated next to a fag UD maphacker next game
(28:09 / All) TheWildHunt: fiend masser faggot
(28:19 / All) mycomputersucks: he didnt map hack
(28:23 / All) HeroHunter.: Fuck just my team left
(28:30 / All) HeroHunter.: 795 mana
(30:19 / All) HeroHunter.: I miss Hurricane Isle
(30:43 / All) mycomputersucks: funny ass game to watch
(30:44 / All) RG3-DONE-4-YEAR: i dont cuz i only got it like once a month plus everyboyd always left on it
(31:22 / All) HeroHunter.: I can't believe how much mana this mk has
(31:30 / All) HeroHunter.: too bad I was on the team with 3 players
(32:00 / All) mycomputersucks: lol u guys should watch the replay
(32:04 / All) RG3-DONE-4-YEAR: y
(32:23 / All) mycomputersucks: he destroyinghimself now lol
(33:09 / All) mycomputersucks: haha
(33:13 / All) RG3-DONE-4-YEAR: fuckign hacker pink
(33:18 / All) mycomputersucks: lol
(33:27 / All) mycomputersucks: u ost ur hero..
(33:34 / All) HeroHunter.: 810 mana
(33:39 / All) RG3-DONE-4-YEAR: he knew i was coming
(33:46 / All) mycomputersucks: i saw u die
(33:57 / All) RG3-DONE-4-YEAR: ur supposed to be helping me stfu seriously
(33:59 / All) TheWildHunt: Never can pendants on MK when it's actually useful
(34:00 / All) RG3-DONE-4-YEAR: help me man
(34:10 / All) mycomputersucks: that mk looks cool with the devotion aura and brilliance aura
(34:18 / All) TheWildHunt: game always sucks when you get 2
(34:22 / All) TheWildHunt: pendants
(34:36 / All) mycomputersucks: lol
(34:38 / All) HeroHunter.: yeah
(34:41 / All) RG3-DONE-4-YEAR: hackerrrrrrrrrrr
(34:44 / All) TheWildHunt: a nice war of attrition with MK and 2 pendants would rape
(34:58 / All) HeroHunter.: We need Slalom back for that
(35:08 / All) mycomputersucks: hahaha
(35:12 / All) HeroHunter.: Slalom is one of the greatest maps
(35:13 / All) mycomputersucks: too much real life
(35:15 / All) HeroHunter.: too bad it's no longer around
(35:26 / All) mycomputersucks: was that that longass map?
(35:29 / All) HeroHunter.: yeah
(35:30 / All) RG3-DONE-4-YEAR: slalom
(35:41 / All) mycomputersucks: ha
(35:58 / All) mycomputersucks: hahahhaa
(36:00 / All) mycomputersucks: hacker
(36:08 / All) HeroHunter.: Oh
(36:11 / All) HeroHunter.: I forgot about my blacksmith
(36:12 / All) mycomputersucks: forgot one
(36:13 / All) TheWildHunt: green stop talking to yourself
(36:18 / All) TheWildHunt: and calling yourself names
(36:25 / All) mycomputersucks: lol